 Dungeon Crawl Stone Soup version 0.28.0-47-ge53b351184 (webtiles) character file.

Game seed: 12452879298349930910

225 GigaChad the Slasher (level 6, -2/49 HPs)
             Began as a Barachi Fighter on Apr 28, 2022.
             Was an Initiate of Yredelemnul.
             Slain by an adder zombie (3 damage)
             ... animated by the player character
             ... on level 3 of the Dungeon.
             The game lasted 00:06:29 (1724 turns).

GigaChad the Slasher (Barachi Fighter)              Turns: 1724, Time: 00:06:30

Health: -2/49      AC:  7    Str: 17    XL:     6   Next: 1%
Magic:  6/6        EV:  9    Int:  8    God:    Yredelemnul [......]
Gold:   42         SH:  0    Dex: 14    Spells: 5/5 levels left

rFire   . . .      SeeInvis .   a - +0 long sword
rCold   . . .      Faith    .   c - +0 buckler
rNeg    . . .      Spirit   .   b - +0 scale mail
rPois   .          Reflect  .   (no helmet)
rElec   .          Harm     .   (no cloak)
rCorr   .          Rampage  .   (no gloves)
Will    .....                   (no boots)
Stlth   ..........              (no amulet)
HPRegen 0.16/turn               e - ring of flight
MPRegen 0.10/turn               (no ring)

@: confused, flying, slow
A: amphibious, slowness 1, strong legs 1, +LOS
a: Hop, Renounce Religion, Recall Undead Harvest


You were on level 3 of the Dungeon.
You worshipped Yredelemnul.
Yredelemnul was noncommittal.
You visited 1 branch of the dungeon, and saw 3 of its levels.

You collected 42 gold pieces.

Inventory:

Hand Weapons
 a - a +0 long sword (weapon)
Armour
 b - a +0 scale mail (worn)
 c - a +0 buckler (worn)
Jewellery
 e - a ring of flight (left hand)
Wands
 h - a wand of charming (6)
Scrolls
 f - a scroll of vulnerability {unknown}
 i - a scroll of identify {unknown}
Potions
 d - a potion of might
 g - a potion of resistance {unknown}


   Skills:
 + Level 4.5 Fighting
 + Level 4.8 Long Blades
 + Level 4.8 Armour
 + Level 1.3 Dodging
 + Level 0.3 Stealth
 + Level 4.1 Shields


You had 5 spell levels left.
You didn't know any spells.
Your spell library was empty.

Dungeon Overview and Level Annotations

Branches:
Dungeon (3/15)

Altars:
Hepliaklqana
Uskayaw
Yredelemnul

Annotations:
D:3 Sigmund


Innate Abilities, Weirdness & Mutations

You are amphibious.
You cover ground slowly.
You can hop short distances.
You have an extended range of vision and can be seen from far away.


Message History

Are you sure you want to stumble around while confused and next to your jackal zombie?
You bump into the rock wall.
The adder zombie bites you but does no damage.
Your quokka zombie closely misses the adder zombie.
Something hits you!
* * * LOW HITPOINT WARNING * * *
Something burns you.
* * * LOW HITPOINT WARNING * * *
Are you sure you want to stumble around while confused and next to your jackal zombie?
You bump into the rock wall.
The adder zombie barely misses you.
Your quokka zombie bites the adder zombie.
Are you sure you want to stumble around while confused and next to your jackal zombie? [Y]es or [N]o only, please.
Are you sure you want to stumble around while confused and next to your jackal zombie? [Y]es or [N]o only, please.
Are you sure you want to stumble around while confused and next to your jackal zombie? [Y]es or [N]o only, please.
Are you sure you want to stumble around while confused and next to your jackal zombie? [Y]es or [N]o only, please.
Are you sure you want to stumble around while confused and next to your jackal zombie?
Uppercase [Y]es or [N]o only, please.
Are you sure you want to stumble around while confused and next to your jackal zombie?
You barely miss something. The adder zombie misses you.
Something hits you but does no damage.
Your quokka zombie bites the adder zombie.
The adder zombie bites you but does no damage.
Are you sure you want to stumble around while confused and next to your jackal zombie? [Y]es or [N]o only, please.
Are you sure you want to stumble around while confused and next to your jackal zombie? [Y]es or [N]o only, please.
Are you sure you want to stumble around while confused and next to your jackal zombie?
You bump into the rock wall.
Your quokka zombie barely misses the adder zombie.
Something hits you.
* * * LOW HITPOINT WARNING * * *
Something burns you.
* * * LOW HITPOINT WARNING * * *
The adder zombie bites you.
You die...
Your body rises from the dead as a mindless zombie.

#.§#######§..#####..
#### #...# .... ##
#._.# #.#.# .###
#...##..#.# ...#
######..##.# .#.#
##.###..##..# .# #
#.......Z#.# .#
#####..#ZZ.# .#
########.###@{# >#
#........# ##....#
.# ##.8.8.8..#
.#...#
##.#.........#
.##...#
#..........## .#
...# ##..#......# .#
..# #..#_)....# .#
... ##..#......# .#
. ##..........# .#


You could see an adder zombie, a friendly quokka zombie and a friendly jackal
zombie.

Vanquished Creatures
  A phantom (D:3)
  A kobold brigand (D:3)
  An adder (D:2)
  A worm (D:2)
  3 dart slugs
  10 ball pythons
  An endoplasm (D:1)
  4 giant cockroaches
  5 goblins
  8 hobgoblins
  4 jackals (D:3)
  2 kobolds
  A quokka (D:1)
  5 bats
  5 rats
52 creatures vanquished.

Vanquished Creatures (collateral kills)
  A bat zombie (D:3)
  An endoplasm (D:3)
  A kobold (D:3)
  3 frilled lizards (D:3)
6 creatures vanquished.

Vanquished Creatures (others)
  A ball python zombie (D:3)
1 creature vanquished.

Grand Total: 59 creatures vanquished

Notes
Turn   | Place    | Note
-------+----------+-------------------------------------------
     0 | D:1      | GigaChad the Barachi Fighter began the quest for the Orb.
     0 | D:1      | Reached XP level 1. HP: 18/18 MP: 1/1
    64 | D:1      | Reached XP level 2. HP: 24/25 MP: 2/2
   465 | D:1      | Reached XP level 3. HP: 28/30 MP: 3/3
   998 | D:2      | Reached XP level 4. HP: 33/37 MP: 4/4
  1150 | D:3      | Noticed a phantom
  1176 | D:3      | Killed a phantom
  1177 | D:3      | Reached skill level 1 in Dodging
  1177 | D:3      | Reached XP level 5. HP: 24/43 MP: 5/5
  1215 | D:3      | Noticed a kobold brigand
  1216 | D:3      | Found a faded altar of an unknown god.
  1216 | D:3      | Found a hazy altar of Hepliaklqana.
  1244 | D:3      | Killed a kobold brigand
  1563 | D:3      | Prayed at the altar of an unknown god.
  1563 | D:3      | Became a worshipper of Yredelemnul the Dark
  1563 | D:3      | Reached * piety under Yredelemnul
  1643 | D:3      | Found a hide-covered altar of Uskayaw.
  1654 | D:3      | Reached XP level 6. HP: 48/49 MP: 6/6
  1708 | D:3      | Noticed Sigmund
  1721 | D:3      | HP: 2/49 [something (2)]
  1724 | D:3      | Slain by an adder zombie

Illustrated notes

Levels and vault maps discovered:
D:1:      grunt_arrival_crossed_arrows, layout_loops_ring, minmay_quantized
D:2:      layout_loops_ring
D:3:      layout_rooms, eat_drink_and_be_merry_uskayaw,
          beargit_hepliaklqana_dungeon_heroes, ebering_ecumenical_altar_hall,
          kennysheep_generic_room_5, uniq_sigmund

Skill      XL: |  1  2  3  4  5 |
---------------+----------------+-----
Armour         | 4 |  4.8
Fighting       | 4 |  4.5
Long Blades    | 3 4 |  4.8
Dodging        | 1 |  1.3
Shields        | 4 |  4.1
Stealth        | |  0.3

Action                   |  1- 3 |  4- 6 || total
-------------------------+-------+-------++-------
Melee: Long sword        |   114 |    60 ||   174
Armor: Scale mail        |    77 |    46 ||   123
Dodge: Dodged            |    71 |    59 ||   130
Block: Buckler           |    40 |    23 ||    63
